 Dungeon Crawl Stone Soup version 0.21.1-1-g345015fe64 (webtiles) character file.

10077 KleinerIrrer the Cleaver (level 11, 0/86 HPs)
             Began as a Formicid Fighter on Apr 4, 2018.
             Was a High Priest of Okawaru.
             Slain by a thrashing horror (9 damage)
             ... on level 1 of the Abyss.
             The game lasted 00:02:56 (9596 turns).

KleinerIrrer the Cleaver (Formicid Fighter)         Turns: 9596, Time: 00:02:57

Health: 0/86       AC: 22    Str: 23    XL:     11   Next: 86%
Magic:  14/15      EV: 10    Int:  9    God:    Okawaru [*****.]
Gold:   467        SH: 20    Dex: 10    Spells: 10/10 levels left

rFire    + . .     SeeInvis +   k - +6 battleaxe
rCold    + . .     Gourm    .   w - +0 large shield
rNeg     . . .     Faith    .   o - +0 plate armour
rPois    +         Spirit   .   (helmet unavailable)
rElec    +         Reflect  .   v - +0 cloak
rCorr    +         Harm     .   m - +1 pair of gloves
MR       +....                  g - +1 pair of boots
Stlth    ..........             (no amulet)
HPRegen  0.24/turn              (no ring)
MPRegen  0.14/turn              (no ring)

@: resistant, heroism
A: permanent stasis, dig shafts and tunnels, four strong arms, antennae 3
a: Dig, Shaft Self, Heroism, Finesse, Renounce Religion


You were on level 1 of the Abyss.
You worshipped Okawaru.
Okawaru was extremely pleased with you.
You were not hungry.

You visited 2 branches of the dungeon, and saw 10 of its levels.
You visited the Abyss 1 time.

You collected 583 gold pieces.
You spent 116 gold pieces at shops.


Innate Abilities, Weirdness & Mutations

You cannot be hasted, slowed, berserked, paralysed or teleported.
You can dig through walls and to a lower floor.
Your four strong arms can wield two-handed weapons with a shield.
You have a pair of large antennae on your head. (SInv)


   Skills:
 - Level 8.3(13.3) Fighting
 + Level 11.6(16.6) Axes
 - Level 8.0(13.0) Armour
 - Level 2.2(7.2) Dodging
 - Level 9.6(14.6) Shields
 + Level 6.6 Invocations


You had 10 spell levels left.
You didn't know any spells.

Inventory:

Hand Weapons
 a - a +0 dire flail
 k - a +6 battleaxe (weapon)
Armour
 g - a +1 pair of boots (worn)
 m - a +1 pair of gloves (worn)
 o - a +0 plate armour (worn)
 v - a +0 cloak (worn)
 w - a +0 large shield (worn)
Jewellery
 r - an uncursed ring of resist corrosion {unknown}
 t - an uncursed ring of ice
Wands
 h - a wand of random effects (22)
Scrolls
 i - a scroll of brand weapon {unknown}
 l - a scroll of teleportation
 n - 10 scrolls of remove curse
 q - a scroll of identify
Potions
 b - a potion of haste
 c - a potion of magic {unknown}
 d - 3 potions of might
 p - 3 potions of curing
 s - a potion of resistance
 u - a potion of ambrosia {unknown}
Comestibles
 e - 5 rations

Dungeon Overview and Level Annotations

Branches:
Dungeon (9/15)             Temple (1/1) D:7             Orc (0/2) D:9
   Lair: D:8-11

Altars:
Ashenzari
Cheibriados
Dithmenos
Elyvilon
Fedhas
Gozag
Hepliaklqana
Kikubaaqudgha
Makhleb
Nemelex Xobeh
Okawaru
Qazlal
Ru
Sif Muna
Trog
Uskayaw
Vehumet
Wu Jian
Xom
Yredelemnul
Zin
The Shining One

Shops:
D:8 [

Annotations:
D:9 Erolcha


Message History

You feel protected.
The swamp drake disappears in a puff of smoke!
The thrashing horror tramples you but does no damage.
You block the thrashing horror's attack.
You block the worldbinder's attack. The worldbinder completely misses you.
The starspawn tentacle grabs you. The starspawn tentacle constricts you.
The tentacled starspawn bites you!
The tentacled starspawn engulfs you but does no damage.
You slice the starspawn tentacle!!
You destroy the starspawn tentacle!
You hit the starspawn tentacle.
You destroy the tentacled starspawn!
Okawaru is honoured by your kill.
You can now speed up your combat.
Okawaru will gift you equipment as you gain piety.
The starspawn's tentacles wither and die.
Your Invocations skill increases to level 6!
You hit the thrashing horror. You hit the worldbinder.
The substance of the Abyss twists violently, and a gateway leading out appears!
The thrashing horror tramples you!
You die...

..# #x. #...
### ## #...#
##..#..# ##.#..
{.x#.....
#......##..##.#
..¤#@.#>..
##yxX¤.#.# . #.
##.#.v.#..# #
..
#...##...#.#.#
#.#. #..
#.##..#
###..¤..#.
##..# . ..#.
.###......# #
#...#.
.#.##...# .
#..... .#
.##..#


You could see a thrashing horror, a worldbinder, a vampire mosquito, a small
abomination and an insubstantial wisp.

Vanquished Creatures
  A tentacled starspawn (Abyss:1)
  2 two-headed ogres (D:8)
  A thrashing horror (Abyss:1)
  Pikel (D:9)
  2 smoke demons (Abyss:1)
  A hellwing (Abyss:1)
  An ancient zyme (Abyss:1)
  2 hippogriffs (D:8)
  A ynoxinul (Abyss:1)
  A human (D:7)
  Sigmund (D:3)
  A hungry ghost (D:9)
  4 hogs (D:7)
  A chaos spawn (Abyss:1)
  Edmund (D:5)
  A large abomination (Abyss:1)
  A water moccasin (D:5)
  Duvessa (D:7)
  3 ice beasts
  An orc warrior (D:9)
  2 sky beasts
  A slave (D:9)
  A black bear (D:8)
  A phantom (D:9)
  An ogre (D:7)
  A centaur (D:9)
  A big kobold (D:7)
  3 bullfrogs
  Dowan (D:7)
  8 wights (D:8)
  2 howler monkeys (D:4)
  2 centaur zombies
  A bullfrog zombie (D:7)
  A jelly (D:8)
  7 hounds
  7 orc wizards
  2 bullfrog skeletons
  6 orc priests
  7 worker ants
  A worker ant zombie (D:5)
  8 gnolls
  12 adders
  A howler monkey skeleton (D:7)
  A white imp (Abyss:1)
  An ooze (D:5)
  2 adder skeletons
  4 worms
  3 dart slugs
  6 leopard geckos
  65 orcs
  A ball python (D:1)
  9 bats
  3 bat zombies (D:6)
  4 giant cockroaches
  3 goblins (D:1)
  5 hobgoblins
  2 jackals (D:7)
  3 quokkas
  2 ball python skeletons
  3 frilled lizards
  A giant cockroach zombie (D:6)
  11 kobolds
  A leopard gecko skeleton (D:8)
  A quokka skeleton (D:5)
  A quokka zombie (D:8)
  6 rats
  A rat zombie (D:6)
  A lurking horror (Abyss:1)
  A starspawn tentacle (Abyss:1)
246 creatures vanquished.

Vanquished Creatures (others)
  A slave (D:9)
  A centaur (D:9)
  3 plants (D:6)
  3 starspawn tentacles (Abyss:1)
8 creatures vanquished.

Grand Total: 254 creatures vanquished

Notes
Turn   | Place    | Note
-------+----------+-------------------------------------------
     0 | D:1      | KleinerIrrer the Formicid Fighter began the quest for the Orb.
     0 | D:1      | Reached XP level 1. HP: 18/18 MP: 1/1
     0 | D:1      | 0 ||| counter = 6
   144 | D:1      | Reached XP level 2. HP: 24/24 MP: 2/2
   494 | D:1      | Reached skill level 3 in Axes
   627 | D:1      | Reached XP level 3. HP: 29/29 MP: 3/3
   946 | D:1      | 946 ||| UPGRADING to pair of runed boots.
   951 | D:1      | 951 ||| UPGRADING to pair of gloves.
   956 | D:1      | 956 ||| READING scroll labeled MASUEWKUJOS.
   957 | D:1      | 957 ||| READING scroll labeled SAGERA VOJITHI.
   958 | D:1      | 958 ||| READING scroll labeled AGIFRE LIDD.
   959 | D:1      | 959 ||| READING 2 scrolls labeled SIRE ROGREXERCH.
  1022 | D:2      | 1022 ||| STAIRDANCE
  1329 | D:2      | Reached skill level 4 in Axes
  1329 | D:2      | Reached XP level 4. HP: 35/35 MP: 4/4
  1658 | D:3      | 1658 ||| STAIRDANCE
  1708 | D:3      | Reached XP level 5. HP: 15/41 MP: 5/5
  1925 | D:3      | 1925 ||| DROPPING mace.
  1944 | D:3      | Reached skill level 5 in Axes
  2154 | D:3      | 2154 ||| DROPPING flail.
  2177 | D:3      | Reached skill level 1 in Dodging
  2355 | D:3      | 2355 ||| UPGRADING to morningstar.
  2356 | D:3      | 2356 ||| SWAPPING to +0 war axe.
  2608 | D:3      | Noticed Sigmund
  2631 | D:3      | Killed Sigmund
  2631 | D:3      | Reached skill level 6 in Axes
  2631 | D:3      | Reached XP level 6. HP: 32/47 MP: 6/6
  2867 | D:3      | 2867 ||| UPGRADING to chain mail.
  2877 | D:3      | 2877 ||| DROPPING +0 scale mail.
  2878 | D:3      | 2878 ||| READING scroll labeled BYIDGH FIKI.
  2879 | D:3      | 2879 ||| READING scroll labeled DOAPTA PAQENO.
  2880 | D:3      | 2880 ||| READING scroll labeled ZUNAIL DYMAA.
  2881 | D:3      | 2881 ||| READING scroll labeled KIMUHUEQIF.
  2957 | D:4      | Found a shimmering altar of Xom.
  2988 | D:4      | Reached XP level 7. HP: 30/54 MP: 7/7
  3116 | D:4      | 3116 ||| EATING 3 rations.
  3240 | D:4      | Found a shimmering altar of Xom.
  3366 | D:4      | HP: 10/54 [gnoll/halberd (9)]
  3370 | D:4      | Reached skill level 7 in Axes
  4252 | D:4      | 4252 ||| READING scroll of enchant armour.
  4252 | D:4      | 4252 ||| ENCHANTING +0 pair of gloves.
  4253 | D:4      | 4253 ||| UPGRADING to scratched brass ring.
  4254 | D:4      | 4254 ||| REMOVING ring of flight.
  4255 | D:4      | 4255 ||| DROPPING ring of flight.
  4256 | D:4      | 4256 ||| READING scroll labeled CULICK XUUS.
  4257 | D:4      | 4257 ||| READING scroll labeled CEIS YHOMUTZ.
  4258 | D:4      | 4258 ||| DRINKING 2 purple potions.
  4259 | D:4      | 4259 ||| READING 5 scrolls of identify.
  4259 | D:4      | 4259 ||| IDENTIFYING metallic black potion
  4260 | D:4      | 4260 ||| READING 4 scrolls of identify.
  4260 | D:4      | 4260 ||| IDENTIFYING red potion
  4261 | D:4      | 4261 ||| READING 3 scrolls of identify.
  4261 | D:4      | 4261 ||| IDENTIFYING white potion
  4262 | D:4      | 4262 ||| READING 2 scrolls of identify.
  4262 | D:4      | 4262 ||| IDENTIFYING bubbling red potion
  4263 | D:4      | 4263 ||| DROPPING potion of brilliance.
  4264 | D:4      | 4264 ||| DROPPING potion of lignification.
  4265 | D:4      | 4265 ||| DROPPING potion of degeneration.
  4275 | D:5      | Entered Level 5 of the Dungeon
  4341 | D:5      | Reached XP level 8. HP: 35/60 MP: 8/8
  4516 | D:5      | Found an iron altar of Okawaru.
  4524 | D:5      | Became a worshipper of Warmaster Okawaru
  4563 | D:5      | Noticed Edmund
  4603 | D:5      | Killed Edmund
  4603 | D:5      | Reached skill level 8 in Axes
  4660 | D:5      | Found a shattered altar of Ashenzari.
  4741 | D:5      | 4741 ||| READING scroll of enchant weapon.
  4741 | D:5      | 4741 ||| ENCHANTING +1 war axe.
  5247 | D:5      | 5247 ||| READING scroll labeled ALIT IRRENN.
  5248 | D:5      | 5248 ||| READING 2 scrolls of identify.
  5248 | D:5      | 5248 ||| IDENTIFYING golden potion
  5249 | D:5      | 5249 ||| DROPPING potion of flight.
  5355 | D:6      | Reached skill level 6 in Shields
  5865 | D:6      | Reached * piety under Okawaru
  5883 | D:6      | Found an ancient bone altar of Kikubaaqudgha.
  5895 | D:6      | 5895 ||| EATING 2 rations.
  5985 | D:6      | Found a blossoming altar of Fedhas.
  6000 | D:6      | 6000 ||| INVOKING Heroism.
  6004 | D:6      | 6004 ||| UPGRADING to runed ring mail.
  6024 | D:6      | 6024 ||| UPGRADING to +0 chain mail.
  6044 | D:6      | 6044 ||| DROPPING +1 ring mail of poison resistance.
  6072 | D:7      | Noticed Dowan
  6073 | D:7      | Noticed Duvessa
  6078 | D:7      | Killed Dowan
  6079 | D:7      | 6079 ||| INVOKING Heroism.
  6086 | D:7      | Killed Duvessa
  6086 | D:7      | Reached skill level 9 in Axes
  6086 | D:7      | Reached skill level 1 in Invocations
  6086 | D:7      | Reached XP level 9. HP: 64/68 MP: 6/10
  6257 | D:7      | Found a basalt altar of Yredelemnul.
  6297 | D:7      | 6297 ||| UPGRADING to glowing flail.
  6298 | D:7      | 6298 ||| SWAPPING to +2 war axe.
  6299 | D:7      | 6299 ||| DROPPING +0 flail of protection.
  6324 | D:7      | Reached skill level 3 in Invocations
  6380 | D:7      | Found a staircase to the Ecumenical Temple.
  6391 | Temple   | Entered the Ecumenical Temple
  6392 | Temple   | 6392 ||| Entered T.
  6658 | D:7      | Found a snail-covered altar of Cheibriados.
  6687 | D:7      | 6687 ||| INVOKING Heroism.
  6712 | D:7      | Reached skill level 6 in Fighting
  6740 | D:7      | 6740 ||| INVOKING Heroism.
  7039 | D:7      | Reached ** piety under Okawaru
  7153 | D:7      | 7153 ||| INVOKING Heroism.
  7222 | D:7      | 7222 ||| EATING 6 rations.
  7506 | D:7      | 7506 ||| INVOKING Heroism.
  7511 | D:7      | Reached skill level 10 in Axes
  7596 | D:7      | 7596 ||| READING scroll labeled SORUBR KOMPYDE.
  7597 | D:7      | 7597 ||| DRINKING 2 ruby potions.
  7671 | D:8      | Found an ancient bone altar of Kikubaaqudgha.
  7672 | D:8      | 7672 ||| INVOKING Heroism.
  7677 | D:8      | Noticed a rust devil
  7702 | D:8      | Noticed a two-headed ogre
  7703 | D:8      | 7703 ||| INVOKING Heroism.
  7724 | D:8      | Killed a two-headed ogre
  7724 | D:8      | Reached skill level 9 in Shields
  7724 | D:8      | Reached XP level 10. HP: 46/76 MP: 13/13
  7770 | D:8      | 7770 ||| INVOKING Heroism.
  7932 | D:8      | 7932 ||| INVOKING Heroism.
  7963 | D:8      | 7963 ||| INVOKING Heroism.
  7978 | D:8      | 7978 ||| SWAPPING to enchanted battleaxe.
  7979 | D:8      | 7979 ||| DROPPING +2 war axe.
  8044 | D:8      | Found a white marble altar of Elyvilon.
  8065 | D:8      | 8065 ||| INVOKING Heroism.
  8165 | D:8      | Found Wohipnit's Armour Shop.
  8166 | D:8      | 8166 ||| INVOKING Heroism.
  8177 | D:8      | Reached *** piety under Okawaru
  8227 | D:8      | 8227 ||| SHOPLISTING +2 crystal plate armour (1196 gold, have 497).
  8227 | D:8      | Bought a +0 cloak for 58 gold pieces
  8227 | D:8      | Bought a +0 large shield for 58 gold pieces
  8227 | D:8      | 8227 ||| SHOPLISTING +4 chain mail of cold resistance (409 gold, have 381).
  8330 | D:8      | Found an opulent altar of Gozag.
  8404 | D:8      | 8404 ||| INVOKING Heroism.
  8423 | D:8      | Noticed a two-headed ogre
  8424 | D:8      | 8424 ||| INVOKING Heroism.
  8433 | D:8      | Killed a two-headed ogre
  8464 | D:8      | 8464 ||| INVOKING Heroism.
  8477 | D:8      | 8477 ||| UPGRADING to dire flail.
  8478 | D:8      | 8478 ||| SWAPPING to +6 battleaxe.
  8479 | D:8      | 8479 ||| DROPPING +0 morningstar.
  8513 | D:8      | 8513 ||| UPGRADING to plate armour.
  8523 | D:8      | 8523 ||| DROPPING +0 chain mail.
  8524 | D:8      | 8524 ||| UPGRADING to +0 cloak.
  8529 | D:8      | 8529 ||| UPGRADING to +0 large shield.
  8539 | D:8      | 8539 ||| DROPPING +0 shield.
  8540 | D:8      | 8540 ||| UPGRADING to emerald ring.
  8541 | D:8      | 8541 ||| REMOVING ring of ice.
  8542 | D:8      | 8542 ||| READING 2 scrolls of identify.
  8542 | D:8      | 8542 ||| IDENTIFYING lumpy grey potion
  8543 | D:8      | 8543 ||| DROPPING potion of agility.
  8584 | D:9      | Noticed Pikel
  8589 | D:9      | 8589 ||| INVOKING Heroism.
  8590 | D:9      | Killed Pikel
  8590 | D:9      | Reached skill level 6 in Armour
  8590 | D:9      | Reached XP level 11. HP: 84/84 MP: 11/14
  8639 | D:9      | 8639 ||| INVOKING Heroism.
  8661 | D:9      | 8661 ||| INVOKING Heroism.
  8664 | D:9      | Found a staircase to the Orcish Mines.
  8709 | D:9      | 8709 ||| STAIRDANCE
  8853 | D:9      | 8853 ||| INVOKING Heroism.
  9270 | D:9      | Noticed Erolcha
  9273 | D:9      | 9273 ||| INVOKING Heroism.
  9278 | D:9      | Cast into level 1 of the Abyss (Erolcha)
  9278 | Abyss:1  | Found a corrupted altar of Lugonu.
  9298 | Abyss:1  | Found a corrupted altar of Lugonu.
  9368 | Abyss:1  | Found a shimmering altar of Xom.
  9434 | Abyss:1  | Reached skill level 11 in Axes
  9459 | Abyss:1  | 9459 ||| INVOKING Heroism.
  9484 | Abyss:1  | 9484 ||| INVOKING Heroism.
  9513 | Abyss:1  | HP: 20/86 [hellwing (7)]
  9514 | Abyss:1  | 9514 ||| DRINKING potion of heal wounds.
  9515 | Abyss:1  | 9515 ||| INVOKING Heroism.
  9537 | Abyss:1  | Reached **** piety under Okawaru
  9538 | Abyss:1  | 9538 ||| EATING 6 rations.
  9544 | Abyss:1  | 9544 ||| INVOKING Heroism.
  9547 | Abyss:1  | 9547 ||| Stepping ~*~*~tactically~*~*~ (cloud).
  9562 | Abyss:1  | 9562 ||| INVOKING Heroism.
  9579 | Abyss:1  | Noticed a tentacled starspawn
  9580 | Abyss:1  | 9580 ||| INVOKING Heroism.
  9585 | Abyss:1  | Noticed a thrashing horror
  9585 | Abyss:1  | Noticed a worldbinder
  9588 | Abyss:1  | Killed a thrashing horror
  9590 | Abyss:1  | Noticed a thrashing horror
  9594 | Abyss:1  | HP: 21/86 [tentacled starspawn (19)]
  9595 | Abyss:1  | 9595 ||| DRINKING 2 potions of resistance.
  9595 | Abyss:1  | HP: 9/86 [tentacled starspawn (13)]
  9596 | Abyss:1  | Killed a tentacled starspawn
  9596 | Abyss:1  | Reached ***** piety under Okawaru
  9596 | Abyss:1  | Reached skill level 6 in Invocations
  9596 | Abyss:1  | Slain by a thrashing horror

Vault maps used:
D:1:      minmay_arrival_stair_chambers, roderic_lattice_a,
          corexii_hall_statues_i, minivault_5
D:2:      first_ration
D:3:      uniq_sigmund
D:4:      xom_butterflies, kennysheep_diamond
D:5:      evilmike_ruin_ashenzari, okawaru_trees_1, uniq_edmund
D:6:      lemuel_zombie_altar_kikubaaqudgha, fedhas_altar_decomposition
D:7:      minitemple, minmay_temple_entry_trees, grunt_livestock,
          kennysheep_small_square, uniq_duvessa
D:8:      elyvilon_altar_5, old_standard_altar, serial_glass, glass_columns_c,
          glass_columns_b, glass_columns_a, serial_shops, shop,
          lemuel_hellish_altar
D:9:      hiddenorc2_lemuel, uniq_erolcha, uniq_pikel
Temple:   nicolae_temple_god_jail

Skill      XL: |  1  2  3  4  5  6  7  8  9 10 11 |
---------------+----------------------------------+-----
Axes           | 3 4 6 7 9 10 11 | 11.6
Dodging        | 1 2 |  2.2
Shields        | 4 5 6 9 |  9.6
Fighting       | 4 5 6 7 8 |  8.3
Invocations    | 1 4 6 |  6.6
Armour         | 4 6 8 |  8.0

Action                   |  1- 3 |  4- 6 |  7- 9 | 10-12 || total
-------------------------+-------+-------+-------+-------++-------
Melee: War axe           |    90 |   139 |   373 |    48 ||   650
       Battleaxe         |       |       |       |   188 ||   188
Throw: Tomahawk          |       |       |    35 |     8 ||    43
Invok: Heroism           |       |       |     8 |    19 ||    27
  Use: Scroll            |     4 |     4 |    11 |     1 ||    20
       Potion            |       |       |     2 |     2 ||     4
  Eat: Chunk             |     1 |     5 |     7 |     5 ||    18
       Ration            |       |       |     3 |     1 ||     4
Armor: Scale mail        |    32 |    43 |       |       ||    75
       Chain mail        |       |    11 |   132 |    19 ||   162
       Plate armour      |       |       |       |    49 ||    49
Dodge: Dodged            |    14 |    38 |    90 |    39 ||   181
Block: Shield            |    61 |    52 |   153 |    41 ||   307
       Large shield      |       |       |       |    96 ||    96

Table legend:
 A = Spawn XP
 B = Non-spawn XP
 C = Spawn XP percentage of total XP
 D = Spawn monster count
 E = Non-spawn monster count
 F = Spawn count percentage of total count
 G = Total turns spent on level
                    A         B        C        D         E        F      G
               +---------+---------+-------+---------+---------+-------+---------
         Total |    1602 |   12794 |  11.1 |       3 |     240 |   1.2 |  9596
               +---------+---------+-------+---------+---------+-------+---------
           D:1 |       0 |      45 |   0.0 |       0 |      18 |   0.0 |  1065
           D:2 |       0 |      71 |   0.0 |       0 |      24 |   0.0 |   604
           D:3 |       0 |     311 |   0.0 |       0 |      19 |   0.0 |  1230
           D:4 |       0 |     507 |   0.0 |       0 |      27 |   0.0 |  1376
           D:5 |       0 |     563 |   0.0 |       0 |      19 |   0.0 |   998
           D:6 |       0 |     341 |   0.0 |       0 |      12 |   0.0 |   799
           D:7 |       0 |    2011 |   0.0 |       0 |      34 |   0.0 |  1538
           D:8 |       0 |    3411 |   0.0 |       0 |      35 |   0.0 |  1024
           D:9 |       0 |    1661 |   0.0 |       0 |      44 |   0.0 |   590
       Abyss:1 |    1602 |    3873 |  29.3 |       3 |       8 |  27.3 |   318
               +---------+---------+-------+---------+---------+-------+---------
